 Dungeon Crawl Stone Soup version 0.29-a0-378-gc08b2e8bf8 (webtiles) character file.

Game seed: 14496329342920021874

251 zeratav the Skirmisher (level 6, 0/40 HPs)
             Began as a Kobold Enchanter on May 4, 2022.
             Slain by an orc priest
             ... wielding a +0 dagger
              (5 damage)
             ... on level 3 of the Dungeon.
             The game lasted 00:04:09 (2187 turns).

zeratav the Skirmisher (Kobold Enchanter)           Turns: 2187, Time: 00:04:09

Health: 0/40       AC:  2    Str:  6    XL:     6   Next: 36%
Magic:  9/9        EV: 15    Int: 16    God:
Gold:   92         SH:  0    Dex: 17    Spells: 9/9 levels left

rFire   . . .      SeeInvis .   a - +1 dagger {short}
rCold   . . .      Faith    .   (no shield)
rNeg    . . .      Spirit   .   b - +0 robe
rPois   .          Reflect  .   (no helmet)
rElec   .          Harm     .   (no cloak)
rCorr   .          Rampage  .   (no gloves)
Will    .....                   (no boots)
Stlth   ++++......              (no amulet)
HPRegen 0.13/turn               g - +4 ring of slaying
MPRegen 0.11/turn               (no ring)

@: no status effects
A: small, no large weapons, nightstalker 3
a: no special abilities


You were on level 3 of the Dungeon.
You visited 1 branch of the dungeon, and saw 3 of its levels.

You collected 92 gold pieces.


Innate Abilities, Weirdness & Mutations

You are small and have problems with some larger weapons.
You are completely attuned to the shadows.


   Skills:
 - Level 5.0 Fighting
 + Level 4.8 Short Blades
 - Level 2.4 Dodging
 - Level 4.0 Stealth
 - Level 2.1 Spellcasting
 - Level 3.0 Hexes


You had 9 spell levels left.
You didn't know any spells.
Your spell library contained the following spells:

 Spells                   Type           Power      Damage    Failure   Level
 Ensorcelled Hibernation  Hex/Ice        12%        N/A       17%         2
 Confusing Touch          Hex            11%        N/A       19%         3
 Tukima's Dance           Hex            11%        N/A       19%         3
 Freeze                   Ice            4%         1d3       21%         1
 Dazzling Flash           Conj/Hex       12%        N/A       32%         3
 Frozen Ramparts          Ice            2%         1d2       52%         3
 Ozocubu's Armour         Ice            1%         N/A       52%         3
 Hailstorm                Conj/Ice       1%         3d3       90%         4
 Ozocubu's Refrigeration  Ice            0%         4d5       100%        7

Inventory:

Hand Weapons
 a - a +1 dagger (weapon) {short}
Armour
 b - a +0 robe (worn)
 i - a +0 pair of boots
   (You found it on level 3 of the Dungeon)
Jewellery
 g - a +4 ring of slaying (left hand)
   (You found it on level 1 of the Dungeon)
Scrolls
 d - a scroll of blinking {unknown}
 e - 3 scrolls of identify {unknown}
 f - a scroll of fear {unknown}
Potions
 c - 2 potions of invisibility
 h - a potion of resistance {unknown}
 l - a potion of attraction {unknown}

Dungeon Overview and Level Annotations

Branches:
Dungeon (3/15)

Altars:
Ashenzari

Annotations:
D:2 Terence

#.# #.# ##. #.# #.# #.
######## #.# #.# #. .......#
#.# #.# #.# #. ######.###.##
#.#########.### #. #.##...##
#.............###.
#.#.....###.#########.......
#........)..# ###.##..
#..รท....###@# #.#...
########.#######o# #.#...
......g#+#...o..g# #.#...
.##...g#_#....#### #.# .
.##....###....# .
.###....g....## . .#
#....)....# .# ###.....###
.# ##)#.##


You could see an orc priest and a gnoll.


Message History

The bat misses you. The bat hits you.
HP[-1]
You take 1 damage, and now have 32/40 hp.
The bat attacks as you move away! The bat barely misses you.
The bat closely misses you.
A frilled lizard comes into view.
The frilled lizard hisses angrily.
The gnoll shouts!
You puncture the bat!
You kill the bat!
Things that are here:
a +0 whip {mace}; a sapphire potion HP[+1]
You hit the gnoll. You puncture the gnoll! The gnoll hits you with a +0 flail.
An orc priest comes into view. It is wielding a +0 dagger.
HP[-3]
You take 3 damage, and now have 30/40 hp.
You hit the gnoll. The gnoll hits you with a +0 flail.
The orc priest looks encouraged for a moment.
HP[-5]
You take 5 damage, and now have 25/40 hp.
You hit the gnoll.
You kill the gnoll!
The frilled lizard barely misses you.
You miss the frilled lizard.
HP[+1]
You barely miss the frilled lizard.
The orc priest invokes the aid of Beogh against you.
Beogh smites you!
* * * LOW HITPOINT WARNING * * *
The frilled lizard closely misses you.
HP[-11]
You take 11 damage, and now have 15/40 hp.
MASSIVE DAMAGE!! (PAUSE)
You hit the frilled lizard.
You kill the frilled lizard!
The orc priest mumbles some strange prayers to Beogh against you.
Pain shoots through your body!
* * * LOW HITPOINT WARNING * * *
HP[-3]
You take 3 damage, and now have 12/40 hp.
The orc priest invokes the aid of Beogh against you.
Pain shoots through your body!
* * * LOW HITPOINT WARNING * * *
HP[-8]
You take 8 damage, and now have 4/40 hp.
HP[+1]
You see here a +0 hand axe {axe}.
HP[+1]
There is an open door here.
There is a broken altar of Ashenzari here.
You close the door.
You start resting.
The gnoll shouts! x3
HP[+34]
Your hp is fully restored (40).
You open the door.
There is an open door here.
You close the door.
You see here a +0 hand axe {axe}.
You completely miss the orc priest.
The orc priest hits you with a +0 dagger.
HP[-3]
You take 3 damage, and now have 37/40 hp.
You barely miss the orc priest. The orc priest misses you.
You closely miss the orc priest. You completely miss the orc priest.
The orc priest barely misses you.
You barely miss the orc priest. The orc priest barely misses you.
You hit the orc priest but do no damage.
The orc priest hits you with a +0 dagger.
HP[-1]
You take 1 damage, and now have 36/40 hp.
You hit the orc priest. You barely miss the orc priest.
The orc priest mumbles some strange prayers to Beogh against you.
Beogh smites you!
HP[-13]
You take 13 damage, and now have 23/40 hp.
MASSIVE DAMAGE!! (PAUSE)
You hit the orc priest.
The orc priest mumbles some strange prayers to Beogh against you.
Beogh smites you!
* * * LOW HITPOINT WARNING * * *
HP[-11]
You take 11 damage, and now have 12/40 hp.
MASSIVE DAMAGE!! (PAUSE)
You closely miss the orc priest. The orc priest barely misses you.
You hit the orc priest.
The orc priest calls down the wrath of Beogh upon you.
Beogh smites you!
* * * LOW HITPOINT WARNING * * *
HP[-7]
You take 7 damage, and now have 5/40 hp.
You barely miss the orc priest. You closely miss the orc priest.
The orc priest hits you but does no damage.
You closely miss the orc priest. The orc priest misses you.
You completely miss the orc priest.
The orc priest hits you with a +0 dagger.
You die...

Skill      XL: |  1  2  3  4  5  6 |
---------------+-------------------+-----
Fighting       | 1 2 5 |  5.0
Short Blades   | 3 4 |  4.8
Dodging        | |  2.4
Stealth        | |  4.0
Spellcasting   | |  2.1
Hexes          | |  3.0

Action                   |  1- 3 |  4- 6 || total
-------------------------+-------+-------++-------
Melee: Dagger            |    49 |    59 ||   108
       Punch             |     1 |       ||     1
 Stab: Sleeping          |    24 |     9 ||    33
Armor: Robe              |       |     4 ||     4
Dodge: Dodged            |    10 |    30 ||    40

Levels and vault maps discovered:
D:1:      wander_arrival_abandoned_jail, layout_loops_ring
D:2:      layout_basic, hellmonk_ecumenical_altar_watching_god, uniq_terence,
          uniq_sigmund
D:3:      minmay_diamond_boxcup, layout_loops_ring,
          ashenzari_conservatory_becter

Notes
Turn   | Place    | Note
-------+----------+-------------------------------------------
     0 | D:1      | zeratav the Kobold Enchanter began the quest for the Orb.
     0 | D:1      | Reached XP level 1. HP: 10/10 MP: 3/3
     0 | D:1      | magus.rc [v1.9.6]
    54 | D:1      | Reached skill level 1 in Fighting
   116 | D:1      | Reached XP level 2. HP: 16/16 MP: 5/5
   167 | D:1      | Reached skill level 2 in Fighting
   603 | D:1      | Reached XP level 3. HP: 22/22 MP: 6/6
   847 | D:2      | Noticed Terence
   913 | D:2      | Reached skill level 3 in Fighting
  1000 | D:2      | Noticed Sigmund
  1008 | D:2      | HP: 4/23 [something (6)]
  1010 | D:2      | Killed Sigmund
  1011 | D:2      | Reached skill level 5 in Fighting
  1011 | D:2      | Reached skill level 3 in Short Blades
  1011 | D:2      | Reached XP level 4. HP: 6/31 MP: 7/7
  1011 | D:2      | Reached XP level 5. HP: 7/35 MP: 8/8
  1011 | D:2      | Reached XP level 6. HP: 8/40 MP: 9/9
  1471 | D:2      | Noticed an eye of devastation
  1472 | D:2      | Found a faded altar of an unknown god.
  1472 | D:2      | Noticed a great orb of eyes
  1482 | D:2      | Noticed a great orb of eyes
  1498 | D:2      | Reached skill level 4 in Short Blades
  1503 | D:2      | Noticed a floating eye
  1744 | D:3      | Found a broken altar of Ashenzari.
  1804 | D:3      | You pick up a book of Frost and begin reading...
  1804 | D:3      | You add the spells Freeze, Frozen Ramparts and Hailstorm to
                  | your library.
  1819 | D:3      | You add the spells Ozocubu's Armour and Ozocubu's
                  | Refrigeration to your library.
  1865 | D:3      | HP: 4/40 [orc priest/nerve-wracking pain (8)]
  2183 | D:3      | HP: 5/40 [orc priest/divine providence (7)]
  2187 | D:3      | Slain by an orc priest

Vanquished Creatures
  Sigmund (D:2)
  An orc wizard (D:3)
  A gnoll (D:3)
  An adder (D:2)
  2 worms (D:2)
  A dart slug (D:2)
  2 orcs (D:3)
  5 endoplasms
  7 giant cockroaches
  3 hobgoblins
  4 kobolds
  A quokka (D:2)
  2 ball pythons
  7 bats
  7 frilled lizards
  A goblin (D:1)
  9 rats
55 creatures vanquished.

Table legend:
 A = Non-vault XP
 B = Vault XP
 C = Vault XP percentage of total XP
 D = Non-vault monster count
 E = Vault monster count
 F = Vault count percentage of total count
                 A         B        C        D         E       F
            +---------+---------+-------+---------+---------+-------
      Total |     149 |     210 |  58.5 |      54 |       1 |   1.8
            +---------+---------+-------+---------+---------+-------
        D:1 |      34 |       0 |   0.0 |      24 |       0 |   0.0
        D:2 |      51 |     210 |  80.5 |      20 |       1 |   4.8
        D:3 |      64 |       0 |   0.0 |      10 |       0 |   0.0
            +---------+---------+-------+---------+---------+-------

Illustrated notes

Table legend:
 A = Kills in this place as a percentage of kills in entire the game.
 B = Kills by you in this place as a percentage of kills by you in the entire game.
 C = Kills by friends in this place as a percentage of kills by friends in the entire game.
 D = Other kills in this place as a percentage of other kills in the entire game.
 E = Experience gained in this place as a percentage of experience gained in the entire game.
 F = Experience gained in this place divided by the number of levels of this place that you have seen.
                   A       B       C       D       E      F
               +-------+-------+-------+-------+-------+----------------------
         Total | 100.0 | 100.0 |   N/A |   N/A | 100.0 | 119.7
       Dungeon | 100.0 | 100.0 |   N/A |   N/A | 100.0 | 119.7
               +-------+-------+-------+-------+-------+----------------------

Table legend: (Time is in decaauts)
 A = Elapsed time spent in this place.
 B = Non-inter-level travel time spent in this place.
 C = Inter-level travel time spent in this place.
 D = Time resting spent in this place.
 E = Time spent auto-exploring this place.
 F = Levels seen in this place.
 G = Mean time per level.
                   A        B        C        D        E       F      G
               +--------+--------+--------+--------+--------+-----+--------+
         Total |   2160 |   2099 |     61 |    258 |   1418 |   3 |  720.0 |
       Dungeon |   2160 |   2099 |     61 |    258 |   1418 |   3 |  720.0 |
               +--------+--------+--------+--------+--------+-----+--------+

Top non-repeatable levels by time:
     D:1: 809 daAuts
     D:2: 805 daAuts
     D:3: 546 daAuts
